 Dungeon Crawl Stone Soup version 0.28-a0-616-gdeb3d7f7b4 (webtiles) character file.

Game seed: 18127842425486467541

2303 KristoblXynda the Carver (level 9, -15/78 HPs)
             Began as a Pale Draconian Gladiator on Oct 6, 2021.
             Was a Believer of Okawaru.
             Demolished by a two-headed ogre (23 damage)
             ... on level 8 of the Dungeon.
             The game lasted 00:10:38 (9564 turns).

KristoblXynda the Carver (Pale Draconian Gladiator) Turns: 9564, Time: 00:10:39

Health: -15/78     AC:  9    Str: 18    XL:     9   Next: 18%
Magic:  9/9        EV: 14    Int: 10    God:    Okawaru [**....]
Gold:   390        SH:  5    Dex: 13    Spells: 8/8 levels left

rFire   . . .      SeeInvis .   a - +1 long sword
rCold   . . .      Faith    .   j - +0 buckler
rNeg    . . .      Spirit   .   (armour unavailable)
rPois   .          Reflect  .   b - +0 hat
rElec   .          Harm     .   (no cloak)
rCorr   .          Rampage  .   u - +0 pair of gloves
Will    .....                   q - +0 pair of boots
Stlth   +.........              k - amulet of regeneration
HPRegen 1.23/turn               (no ring)
MPRegen 0.11/turn               (no ring)

@: no status effects
A: breathe steam, AC +7, unfitting armour, cold-blooded, steam resistance
a: Breathe Steam, Renounce Religion, Heroism


You were on level 8 of the Dungeon.
You worshipped Okawaru.
Okawaru was pleased with you.
You visited 2 branches of the dungeon, and saw 9 of its levels.
You also visited: Sewer.

You collected 390 gold pieces.

Inventory:

Hand Weapons
 a - a +1 long sword (weapon)
Missiles
 c - 2 throwing nets (quivered)
Armour
 b - a +0 hat (worn)
 j - a +0 buckler (worn)
 q - a +0 pair of boots (worn)
 u - a +0 pair of gloves (worn)
 z - the +4 moon troll leather armour {Spirit, Regen++ MP+5}
   (You found it on level 7 of the Dungeon)

   MP:        It affects your magic capacity (+5).
   Regen:     It increases your rate of health regeneration.
Jewellery
 k - an amulet of regeneration (around neck)
 D - a +6 ring of intelligence
Wands
 r - a wand of iceblast (5)
Scrolls
 e - 2 scrolls of immolation
 f - 2 scrolls of amnesia
 g - 2 scrolls of blinking
 h - 5 scrolls of teleportation
 l - 2 scrolls of fear
 m - 3 scrolls of enchant weapon
 n - a scroll of enchant armour {unknown}
 v - a scroll of vulnerability {unknown}
 B - a scroll of magic mapping
Potions
 d - 5 potions of flight
 i - 2 potions of curing
 o - a potion of cancellation {unknown}
 p - 2 potions of resistance
 s - a potion of invisibility {unknown}
 t - a potion of mutation
 w - a potion of lignification
 x - a potion of magic {unknown}
 A - a potion of heal wounds


   Skills:
 + Level 6.6 Fighting
 * Level 8.6 Long Blades
 - Level 2.0 Throwing
 + Level 5.9 Dodging
 - Level 4.0 Shields


You had 8 spell levels left.
You didn't know any spells.
Your spell library contained the following spells:

 Spells                   Type           Power      Damage    Failure   Level
 Freeze                   Ice            0%         1d3       36%         1
 Frozen Ramparts          Ice            0%         1d2       75%         3
 Portal Projectile        Hex/Tloc       0%         N/A       75%         3
 Hailstorm                Conj/Ice       0%         3d3       98%         4
 Blade Hands              Tmut           0%         N/A       100%        5
 Excruciating Wounds      Necr           0%         N/A       100%        5


Dungeon Overview and Level Annotations

Branches:
Dungeon (8/15)             Temple (1/1) D:5           Sewer (visited)
   Lair: D:8-11

Altars:
Ashenzari
Cheibriados
Dithmenos
Elyvilon
Gozag
Kikubaaqudgha
Nemelex Xobeh
Okawaru
Qazlal
Ru
Sif Muna
Trog
Uskayaw
Vehumet
Xom
Yredelemnul
Zin
The Shining One

Shops:
D:5 *


Innate Abilities, Weirdness & Mutations

You can breathe blasts of scalding, opaque steam.
Your pale cyan-grey scales are hard. (AC +7)
You cannot fit into any form of body armour.
You are cold-blooded and may be slowed by cold attacks.
You are immune to the effects of steam.


Message History

You hit the two-headed ogre.
The two-headed ogre is moderately wounded.
You hit the two-headed ogre.
The two-headed ogre is moderately wounded.
The two-headed ogre barely misses you. x2
You slash the two-headed ogre!
You tail-slap the two-headed ogre, but do no damage.
The two-headed ogre is heavily wounded.
The two-headed ogre closely misses you.
The two-headed ogre hits you with a +0 giant club.
You hit the two-headed ogre.
You tail-slap the two-headed ogre, but do no damage.
The two-headed ogre is heavily wounded.
The two-headed ogre hits you with a +0 giant club!!
The two-headed ogre barely misses you.
You barely miss the two-headed ogre.
The two-headed ogre is heavily wounded.
You hit the two-headed ogre but do no damage.
Your tail-slap misses the two-headed ogre.
The two-headed ogre is heavily wounded.
You block the two-headed ogre's attack.
The two-headed ogre hits you with a +0 giant club!
You closely miss the two-headed ogre. You tail-slap the two-headed ogre.
The two-headed ogre is severely wounded.
The two-headed ogre hits you with a +0 giant club!!
* * * LOW HITPOINT WARNING * * *
The two-headed ogre hits you with a +0 giant club!!
* * * LOW HITPOINT WARNING * * *
You are too injured to fight recklessly!
You are too injured to fight recklessly!
Unknown command.
A two-headed ogre comes into view.
It is wielding a +0 giant club and a +0 giant spiked club.
The two-headed ogre shouts in stereo!
You feel much better.
The two-headed ogre completely misses you.
The two-headed ogre hits you with a +0 giant club.
The two-headed ogre hits you with a +0 giant club!!
* * * LOW HITPOINT WARNING * * *
The two-headed ogre hits you with a +0 giant spiked club!!
You die...

...#.# ....# #...#
...##...#
.$..○R.)## #..#
#.O# #..# #.@#
#.O#########
..######......†...#
...........######.#
.........### ##.##
.........# ##...##
.........#
##.....##
.......#.##
##.....>.##
.......#..#
#.<)......#


You could see 2 two-headed ogres.

Vanquished Creatures
  An ugly thing (D:8)
  Sigmund (D:6)
  A steam dragon (D:7)
  Edmund (D:4)
  2 water moccasins (D:7)
  An ice beast (D:6)
  A kobold brigand (D:7)
  A bullfrog (D:8)
  4 scorpions
  A water moccasin zombie (D:6)
  A wyvern skeleton (D:6)
  A centaur zombie (D:6)
  A jelly (D:7)
  3 hounds
  2 orc priests (D:8)
  2 centaur skeletons
  An iguana (D:4)
  3 orc wizards
  A killer bee zombie (D:7)
  A mummy (D:5)
  A howler monkey zombie (D:5)
  2 river rats (D:5)
  10 adders
  4 gnolls (D:5)
  A shadow imp (D:7)
  A white imp (D:7)
  2 ufetubi
  7 worms
  A dart slug (D:5)
  19 orcs
  15 bats
  13 endoplasms
  3 giant cockroaches
  8 goblins
  5 hobgoblins
  4 jackals (Sewer)
  8 quokkas
  6 ball pythons
  3 frilled lizards
  A goblin zombie (D:5)
  8 kobolds
  An orc zombie (D:5)
  4 rats
157 creatures vanquished.

Notes
Turn   | Place    | Note
-------+----------+-------------------------------------------
     0 | D:1      | KristoblXynda the Draconian Gladiator began the quest for
                  | the Orb.
     0 | D:1      | Reached XP level 1. HP: 17/17 MP: 1/1
   503 | D:1      | Reached XP level 2. HP: 24/25 MP: 2/2
  1480 | D:2      | Reached XP level 3. HP: 20/30 MP: 3/3
  1671 | D:2      | Found a basalt altar of Yredelemnul.
  2766 | D:3      | Found a faded altar of an unknown god.
  3004 | D:4      | Noticed a scorpion
  3014 | D:4      | Killed a scorpion
  3015 | D:4      | Reached skill level 4 in Long Blades
  3015 | D:4      | Reached skill level 1 in Shields
  3015 | D:4      | Reached XP level 4. HP: 15/38 MP: 4/4
  3232 | D:4      | Reached XP level 5. HP: 31/45 MP: 5/5
  3686 | D:4      | Noticed Edmund
  3709 | D:5      | Entered Level 5 of the Dungeon
  3741 | D:5      | Found a staircase to the Ecumenical Temple.
  3782 | D:5      | Reached XP level 6. HP: 42/52 MP: 6/6
  3847 | D:5      | Reached skill level 5 in Long Blades
  3877 | D:5      | Found a glowing drain.
  3884 | Sewer    | Entered a sewer
  5009 | D:5      | Found a stormy altar of Qazlal.
  5127 | D:5      | Found Xunlang's Neck Hole.
  5159 | Temple   | Entered the Ecumenical Temple
  5177 | Temple   | Became a worshipper of Warmaster Okawaru
  6035 | D:6      | Your scales start taking on a pale cyan-grey colour.
  6035 | D:6      | Reached XP level 7. HP: 31/59 MP: 7/7
  6035 | D:6      | Gained mutation: You are immune to the effects of steam.
                  | [Pale Draconian growth]
  6501 | D:6      | Noticed Sigmund
  6518 | D:6      | Killed Sigmund
  6519 | D:6      | Reached skill level 6 in Long Blades
  6586 | D:4      | Reached * piety under Okawaru
  6807 | D:4      | Killed Edmund
  6808 | D:4      | Reached skill level 5 in Fighting
  6808 | D:4      | Reached XP level 8. HP: 61/68 MP: 8/8
  6877 | D:4      | Found an opulent altar of Gozag.
  7790 | D:7      | Found the +4 moon troll leather armour {Spirit, Regen++
                  | MP+5}
  7840 | D:7      | Reached skill level 7 in Long Blades
  7840 | D:7      | Reached skill level 5 in Dodging
  8488 | D:7      | Found a white marble altar of Elyvilon.
  8669 | D:7      | Found a bloodstained altar of Trog.
  9002 | D:8      | Reached skill level 8 in Long Blades
  9254 | D:8      | Noticed a cyan ugly thing
  9488 | D:8      | Noticed a two-headed ogre
  9502 | D:8      | Killed a cyan ugly thing
  9502 | D:8      | Reached ** piety under Okawaru
  9503 | D:8      | Reached XP level 9. HP: 35/78 MP: 9/9
  9550 | D:8      | Noticed an efreet
  9560 | D:8      | HP: 1/78 [two-headed ogre (18)]
  9561 | D:8      | Noticed a two-headed ogre
  9564 | D:8      | Demolished by a two-headed ogre

Illustrated notes

Levels and vault maps discovered:
D:1:      scummos_arrival_simple_crosswalls, layout_loops_corners
D:2:      layout_rooms, basic_altar
D:3:      layout_rooms, hellmonk_ecumenical_altar_blasted
D:4:      layout_gridville, mainiacjoe_overflow_24_doors, uniq_edmund
D:5:      layout_basic, grunt_qazlal_sundering, minmay_temple_entry_ruins,
          gup_sewer_entry_bubbles, nicolae_ossuary_entry_giza,
          nicolae_shop_sticking_my_neck_out
D:6:      layout_loops_ring, uniq_sigmund
D:7:      layout_basic, elyvilon_altar_4, lightli_temple_of_fire
D:8:      minmay_cut_squares, layout_loops_cross, serial_glass, glass_columns_b,
          glass_columns_b, ebering_ghost_inner_flame
Temple:   eino_temple_lava

Skill      XL: |  1  2  3  4  5  6  7  8 |
---------------+-------------------------+-----
Throwing       | 2 |  2.0
Dodging        | 3 4 5 |  5.9
Fighting       | 3 4 5 6 |  6.6
Long Blades    | 4 5 6 8 |  8.6
Shields        | 1 2 3 4 |  4.0

Action                   |  1- 3 |  4- 6 |  7- 9 || total
-------------------------+-------+-------+-------++-------
Melee: Long sword        |   161 |   217 |   196 ||   574
       Tailslap          |    18 |    22 |    31 ||    71
Throw: Throwing net      |     1 |       |       ||     1
 Abil: Breathe Steam     |       |       |    13 ||    13
  Use: Scroll            |     1 |     6 |     4 ||    11
       Potion            |       |     2 |     1 ||     3
 Stab: Sleeping          |     3 |     1 |     2 ||     6
Armor: Skin              |    43 |   119 |    64 ||   226
Dodge: Dodged            |   127 |   190 |   138 ||   455
Block: Buckler           |     4 |    69 |    48 ||   121

Table legend: (Time is in decaauts)
 A = Elapsed time spent in this place.
 B = Non-inter-level travel time spent in this place.
 C = Inter-level travel time spent in this place.
 D = Time resting spent in this place.
 E = Time spent auto-exploring this place.
 F = Levels seen in this place.
 G = Mean time per level.
                   A        B        C        D        E       F      G
               +--------+--------+--------+--------+--------+-----+--------+
         Total |   9833 |   9647 |    186 |   2351 |   5493 |  10 |  983.3 |
       Dungeon |   8742 |   8564 |    178 |   2156 |   4880 |   8 | 1092.8 |
        Temple |     69 |     61 |      8 |      0 |     42 |   1 |   69.0 |
         Sewer |   1020 |   1020 |      0 |    195 |    571 |   1 | 1020.0 |
               +--------+--------+--------+--------+--------+-----+--------+

Top non-repeatable levels by time:
     D:5: 1416 daAuts
     D:1: 1376 daAuts
     D:4: 1274 daAuts
     D:6: 1229 daAuts
     D:7: 1224 daAuts
   Sewer: 1020 daAuts
     D:2: 918 daAuts
     D:3: 736 daAuts
     D:8: 567 daAuts
  Temple: 69 daAuts
